 Dungeon Crawl Stone Soup version 0.24-a0-423-g6870c0f (webtiles) character file.

Game seed: 4838338059947348233

969742 Spazmo the Ruinous (level 27, -12/165 HPs)
             Began as a Deep Elf Fire Elementalist on June 9, 2019.
             Was the Champion of Vehumet.
             Mangled by a reaper
             ... wielding a +1 scythe of pain
              (25 damage)
             ... on level 4 of the Iron City of Dis on June 12, 2019.
             The game lasted 11:09:26 (76363 turns).

Spazmo the Ruinous (Deep Elf Fire Elementalist)    Turns: 76363, Time: 11:09:27

Health: -12/165    AC: 11    Str:  9    XL:     27
Magic:  42/71      EV: 27    Int: 34    God:    Vehumet [******]
Gold:   3997       SH:  8    Dex: 15    Spells: 0/75 levels left

rFire    + + +     SeeInvis .   q - staff of death
rCold    + + +     Gourm    .   k - +3 warlock's mirror {reflect}
rNeg     + + .     Faith    .   z - +2 robe {rC+ rF+}
rPois    +         Spirit   .   x - -2 hat of the Alchemist {rElec rPois rF+ rC+ rN+ MR+ rMut rCorr}
rElec    +         Reflect  +   m - +2 cloak {MR+}
rCorr    +         Harm     .   F - +0 pair of gloves "Syss" {rF+ rC+ Str+4}
rMut     +                      l - +2 pair of boots {run}
MR       ++++.                  b - amulet of magic regeneration
Stlth    ++++++....             Q - ring of magical power
HPRegen  0.77/turn              n - ring of magical power
MPRegen  0.67/turn

@: lethally poisoned (-12 -> -13), deflect missiles, quick
A: horns 1, molten scales 1, sense surroundings 1, regeneration 1, MP-powered
wands
}: 6/15 runes: decaying, serpentine, slimy, silver, icy, abyssal
a: Renounce Religion


You were on level 4 of the Iron City of Dis.
You worshipped Vehumet.
Vehumet was exalted by your worship.
You were hungry.

You visited 16 branches of the dungeon, and saw 75 of its levels.
You visited the Abyss 6 times.
You also visited: Ossuary and Gauntlet.

You collected 9780 gold pieces.
You spent 5783 gold pieces at shops.

Inventory:

Hand Weapons
 W - the +3 long sword of Chaos {protect, SInv}
   (You found it on level 11 of the Dungeon)

   It grants its wielder temporary protection when it strikes (+7 to AC).
   It lets you see invisible.
Missiles
 e - 1798 stones (quivered)
Armour
 k - the +3 warlock's mirror (worn) {reflect}
   (You found it on level 3 of the Crypt)
 l - a +2 pair of boots of running (worn)
 m - a +2 cloak of magic resistance (worn)
 x - the -2 hat of the Alchemist (worn) {rElec rPois rF+ rC+ rN+ MR+ rMut rCorr}
   (You acquired it on level 14 of the Dungeon)

   It protects you from fire.
   It protects you from cold.
   It insulates you from electricity.
   It protects you from poison.
   It protects you from negative energy.
   It affects your resistance to hostile enchantments.
   It provides partial protection from all sources of acid and corrosion.
   It protects you from mutation.
 z - a +2 robe of resistance (worn)
 F - the +0 pair of gloves "Syss" (worn) {rF+ rC+ Str+4}
   (You bought it in a shop on level 3 of the Snake Pit)

   It affects your strength (+4).
   It protects you from fire.
   It protects you from cold.
Magical Staves
 q - an uncursed staff of death (weapon)
 E - an uncursed staff of conjuration
Jewellery
 b - an amulet of magic regeneration (around neck)
 g - an uncursed ring of positive energy
 j - the ring of Equilibrium {Wiz rF+ Int+2}
   (You found it on level 5 of the Pits of Slime)

   [ring of wizardry]

   It improves your spell success rate.
   It affects your intelligence (+2).
   It protects you from fire.
 n - a ring of magical power (right hand)
 K - the ring of the Meadowlark {rC+ MR+}
   (You took it off a deep elf high priest on level 3 of the Elven Halls)

   [ring of protection from magic]

   It protects you from cold.
   It affects your resistance to hostile enchantments.
 M - an uncursed ring of flight
 P - an uncursed ring of see invisible
 Q - a ring of magical power (left hand)
Wands
 s - a wand of acid (22)
 u - a wand of random effects (12)
 y - a wand of disintegration (37)
 J - a wand of iceblast (29)
 L - a wand of clouds (14)
 T - a wand of digging (17)
Scrolls
 a - 5 scrolls of summoning
 f - 38 scrolls of remove curse
 o - 8 scrolls of fear
 r - 13 scrolls of identify
 w - 23 scrolls of teleportation
 A - 5 scrolls of fog
 C - 4 scrolls of amnesia
 G - 6 scrolls of enchant armour
 I - 4 scrolls of magic mapping
 R - 5 scrolls of holy word
Potions
 h - 4 potions of invisibility
 i - 23 potions of curing
 p - 6 potions of ambrosia
 t - 3 potions of mutation
 v - a potion of magic
 B - 8 potions of haste
 D - 5 potions of heal wounds
 H - 4 potions of resistance
 O - 4 potions of agility
 S - 11 potions of brilliance
 V - 2 potions of cancellation
Miscellaneous
 X - a crystal ball of energy
Comestibles
 c - 73 rations


   Skills:
 - Level 15.0 Fighting
 - Level 20.0 Dodging
 - Level 14.0 Stealth
 - Level 5.7 Shields
 - Level 24.7 Spellcasting
 - Level 26.0 Conjurations
 - Level 7.0 Charms
 - Level 5.0 Summonings
 - Level 17.0 Necromancy
 - Level 16.0 Translocations
 - Level 16.0 Transmutations
 - Level 26.0 Fire Magic
 - Level 20.0 Air Magic
 - Level 18.0 Earth Magic
 + Level 16.8 Evocations


You couldn't memorise any spells.
You knew the following spells:

 Your Spells              Type           Power        Failure   Level  Hunger
a - Flame Tongue          Conj/Fire      #####        0%          1    None
b - Blink                 Tloc           N/A          0%          2    None
c - Aura of Abjuration    Summ           ######....   1%          5    None
d - Statue Form           Tmut/Erth      ########.    1%          6    None
e - Regeneration          Chrm/Necr      ########..   0%          3    None
f - Summon Lightning Spi  Summ/Air       #######.     1%          4    None
g - Ignition              Fire           ########..   1%          8    #......
h - Bolt of Magma         Conj/Fire/Erth ########..   0%          5    None
i - Bolt of Fire          Conj/Fire      ########..   0%          6    None
j - Iron Shot             Conj/Erth      ########..   0%          6    None
k - Fire Storm            Conj/Fire      ########..   1%          9    ####...
l - Deflect Missiles      Chrm/Air       #######...   1%          6    None
m - Tornado               Air            ########..   4%          9    ####...
n - Borgnjor's Vile Clut  Necr/Erth      ########..   0%          5    None

Your spell library contained the following spells:

 Spells                   Type           Power        Failure   Level  Hunger
 Lehudib's Crystal Spear  Conj/Erth      ########..   1%          8    #......
 Animate Skeleton         Necr           N/A          0%          1    None
 Magic Dart               Conj           ####         0%          1    None
 Pain                     Necr           ####         0%          1    None
 Sandblast                Erth           ######       0%          1    None
 Shock                    Conj/Air       ####         0%          1    None
 Sting                    Conj/Pois      ####         0%          1    None
 Corpse Rot               Necr           N/A          0%          2    None
 Passwall                 Tmut/Erth      ########     0%          2    None
 Poisonous Vapours        Pois/Air       ######       0%          2    None
 Searing Ray              Conj           ######       0%          2    None
 Shroud of Golubria       Chrm/Tloc      ######       0%          2    None
 Swiftness                Chrm/Air       #######.     0%          2    None
 Throw Flame              Conj/Fire      ######       0%          2    None
 Throw Frost              Conj/Ice       ######       0%          2    None
 Conjure Flame            Conj/Fire      ########     0%          3    None
 Dazzling Spray           Conj/Hex       ######       0%          3    None
 Gell's Gravitas          Tloc           ########..   0%          3    None
 Ignite Poison            Fire/Tmut/Pois #######.     0%          3    None
 Inner Flame              Hex/Fire       #######.     0%          3    None
 Lesser Beckoning         Tloc           ########..   0%          3    None
 Mephitic Cloud           Conj/Pois/Air  #######.     0%          3    None
 Static Discharge         Conj/Air       ########     0%          3    None
 Stone Arrow              Conj/Erth      ######       0%          3    None
 Teleport Other           Tloc           ########     0%          3    None
 Vampiric Draining        Necr           ########..   0%          3    None
 Airstrike                Air            ########..   0%          4    None
 Animate Dead             Necr           N/A          0%          4    None
 Force Lance              Conj/Tloc      ########     0%          4    None
 Iskenderun's Mystic Bla  Conj           ########     0%          4    None
 Passage of Golubria      Tloc           N/A          0%          4    None
 Petrify                  Tmut/Erth      ########     0%          4    None
 Sticky Flame             Conj/Fire      ########     0%          4    None
 Agony                    Necr           ########     0%          5    None
 Bolt of Draining         Conj/Necr      ########..   0%          5    None
 Dispel Undead            Necr           ########     0%          5    None
 Fireball                 Conj/Fire      ########..   0%          5    None
 Irradiate                Conj/Tmut      ########..   0%          5    None
 Iskenderun's Battlesphe  Conj/Chrm      ########     0%          5    None
 Lee's Rapid Deconstruct  Erth           ########..   0%          5    None
 Lightning Bolt           Conj/Air       ########..   0%          5    None
 Conjure Ball Lightning   Conj/Air       ########..   0%          6    None
 Orb of Destruction       Conj           ########..   0%          7    None
 Confusing Touch          Hex            #####.       1%          1    None
 Corona                   Hex            #####..      1%          1    None
 Freeze                   Ice            ####         1%          1    None
 Infusion                 Chrm           ####         1%          1    None
 Summon Butterflies       Summ           ######..     1%          1    None
 Summon Small Mammal      Summ           ####         1%          1    None
 Call Imp                 Summ           ######..     1%          2    None
 Ensorcelled Hibernation  Hex/Ice        #####.       1%          2    None
 Slow                     Hex            #####...     1%          2    None
 Song of Slaying          Chrm           ######..     1%          2    None
 Call Canine Familiar     Summ           ######..     1%          3    None
 Confuse                  Hex            #####...     1%          3    None
 Ozocubu's Armour         Chrm/Ice       ######..     1%          3    None
 Portal Projectile        Hex/Tloc       ######       1%          3    None
 Recall                   Summ/Tloc      N/A          1%          3    None
 Spectral Weapon          Hex/Chrm       ######..     1%          3    None
 Summon Guardian Golem    Hex/Summ       ######..     1%          3    None
 Tukima's Dance           Hex            #####...     1%          3    None
 Fulminant Prism          Conj/Hex       #######...   1%          4    None
 Leda's Liquefaction      Hex/Erth       #######...   1%          4    None
 Olgreb's Toxic Radiance  Pois           #####...     1%          4    None
 Summon Ice Beast         Ice/Summ       ######..     1%          4    None
 Throw Icicle             Conj/Ice       #######.     1%          4    None
 Excruciating Wounds      Chrm/Necr      ########..   1%          5    None
 Silence                  Hex/Air        #######...   1%          5    None
 Summon Demon             Summ           ######....   1%          5    None
 Summon Forest            Summ/Tloc      #######...   1%          5    None
 Venom Bolt               Conj/Pois      #######...   1%          5    None
 Yara's Violent Unravell  Hex/Tmut       #######...   1%          5    None
 Death Channel            Necr           ########..   1%          6    None
 Dispersal                Tloc           ########..   1%          6    None
 Freezing Cloud           Conj/Ice/Air   #######...   1%          6    None
 Hydra Form               Tmut           ########..   1%          6    None
 Dragon Form              Tmut           ########..   1%          7    None
 Ring of Flames           Chrm/Fire      ########..   1%          7    None
 Spellforged Servitor     Conj/Summ      #######...   1%          7    None
 Simulacrum               Ice/Necr       #######...   2%          6    None
 Controlled Blink         Tloc           N/A          5%          8    #......
 Disjunction              Tloc           ########..   5%          8    #......
 Cause Fear               Hex            #####.....   6%          4    None
 Summon Mana Viper        Hex/Summ       ######..     6%          5    None
 Malign Gateway           Summ/Tloc      #######...   7%          7    None
 Shatter                  Erth           ########..   11%         9    ####...
 Shadow Creatures         Summ           N/A          12%         6    None
 Metabolic Englaciation   Hex/Ice        #####.....   16%         5    None
 Summon Hydra             Summ           ######....   54%         7    None
 Darkness                 Hex            #####.....   65%         6    None
 Invisibility             Hex            #####...     65%         6    None
 Dragon's Call            Summ           ######....   100%        9    ####...


Dungeon Overview and Level Annotations

Branches:
Dungeon (15/15)            Temple (1/1) D:5            Lair (6/6) D:10
  Swamp (4/4) Lair:4        Snake (4/4) Lair:2        Slime (5/5) Lair:5
    Orc (2/2) D:9             Elf (3/3) Orc:2        Vaults (5/5) D:14
  Crypt (3/3) Vaults:3       Tomb (0/3) Crypt:3      Depths (5/5) D:15
   Hell (1/1)                 Dis (7/7) Hell            Geh (2/7) Hell
    Coc (7/7) Hell            Tar (0/7) Hell            Zot (5/5) Depths:5

Altars:
Cheibriados
Kikubaaqudgha
Nemelex Xobeh
Okawaru
Qazlal
Ru
Sif Muna
Trog
Uskayaw
Vehumet
Wu Jian
Xom
Yredelemnul
Zin
The Shining One
Jiyva

Shops:
D:5 ?   D:8 =   D:9 }   D:11 (   D:13 [   D:15 *   Orc:2 *[!:   Elf:2 [
Snake:3 *   Vaults:3 *   Vaults:4 :   Depths:1 }}=   Depths:4 [

Portals:
Hell: Depths:1 Depths:2 Depths:3 Depths:4 Depths:5
Abyss: Depths:2 Depths:3 Depths:4
Pandemonium: Orc:2 Depths:1 Depths:3 Depths:5
Ziggurat: Depths:1

Annotations:
D:3 3 runed translucent doors, Senshi's ghost, amateur MiGl
D:7 2 runed translucent doors
Lair:6 2 transporters, Screwby's ghost, journeyman MiBe
Snake:3 3 runed translucent doors, Darkshadow's ghost, journeyman MiBe; Meow's ghost, adept NaVM; Qaeggeuc's ghost, adept MiBe; Ruutasot's ghost, journeyman TeAE; spsoon's ghost, adept BaHu
Zot:2 1 runed translucent door, Yzaleek's ghost, legendary MiBe


Innate Abilities, Weirdness & Mutations

You have a pair of small horns on your head.
You are partially covered in molten scales. (AC +2)
You passively map a small area around you.
Your natural rate of healing is unusually fast.
You expend magic power (3 MP) to strengthen your wands.


Message History

Your fire vortex dissipates!
The tormentor calls on the powers of darkness!
Your body is wracked with pain!
* * * LOW HITPOINT WARNING * * *
Unknown command.
Casting: Fire Storm (safe; 1% risk of failure)
Confirm with . or Enter, or press ? or * to list all spells.
Aiming: Iron Shot (safe; 0% risk of failure)
Press: ? - help, Shift-Dir - straight line, f - reaper
Aim: a reaper, wielding a +1 scythe of pain (lightly wounded)
The iron shot hits the reaper!!!
The reaper is severely wounded.
You feel sick.
The tormentor calls on the powers of darkness!
Your body is wracked with pain!
* * * LOW HITPOINT WARNING * * *
The reaper is engulfed in blazing flames.
Your fire vortex barely misses the tormentor.
The reaper hits you with a +1 scythe of pain!!
You die...

#......#..##
,#......#...##
#..v........# ,
,#...v.°v....#
##+#.....2.....##
#.....v°v8☼○....##
###...8°○°○.8○...#
......2☼°§vv2....#
,.......∩§§§D§@...#
...[.8.§§8§§.8...#
*
.....v..§≈§○§....#
....2...∩≈4......#
......8.5○..8...##
##.......8...)..#
#.............##
##.....v.....##
#############


You could see a bone dragon, 2 reapers, a rust devil, a tormentor, an iron imp
and 8 friendly fire vortices.

Vanquished Creatures
  Antaeus (Coc:7)
  Dissolution (Slime:4)
  the Royal Jelly (Slime:5)
  An orb of fire (Zot:5)
  16 ancient liches
  The ghost of Rehihex the Wrestler, a master TrFi of Okawaru (Zot:1)
  2 juggernauts (Depths:3)
  Boris (twice) (Vaults:4 Depths:1)
  Bai Suzhen (Vaults:3)
  4 Killer Klowns (Zot:5)
  Margery (Vaults:4)
  3 curse toes
  Vashnia (Snake:2)
  8 shard shrikes
  Geryon (Hell)
  4 caustic shrikes (Depths:5)
  7 profane servitors
  8 golden dragons
  13 bone dragons
  3 Brimstone Fiends (Geh:1)
  A Tzitzimitl (Dis:3)
  3 iron giants
  2 electric golems (Zot:5)
  A hellephant (Abyss:1)
  The ghost of Senshi the Black Belt, an adept DsMo of Jiyva (Depths:2)
  13 tentacled monstrosities
  8 Ice Fiends
  14 liches
  4 quicksilver dragons
  3 titans (Vaults:5)
  27 acid blobs
  25 Orb Guardians (Zot:5)
  4 deep elf blademasters (Elf:3)
  A Hell Sentinel (Dis:7)
  An Executioner (Abyss:3)
  2 deep elf master archers (Elf:3)
  7 death cobs
  An eldritch tentacle (Coc:1)
  6 ancient champions
  7 sphinxes
  A kraken (Abyss:3)
  29 tentacled starspawn
  Kirke (D:15)
  3 thorn hunters
  5 tengu reavers
  17 storm dragons
  10 azure jellies
  11 shadow dragons
  9 nagarajas
  4 revenants
  5 draconian monks
  11 fire giants
  A daeva (Abyss:2)
  7 frost giants
  3 deep elf sorcerers
  7 draconian knights
  3 cacodemons
  5 draconian scorchers
  A ghost moth (Zot:5)
  A spectral juggernaut (Depths:2)
  Aizul (Snake:2)
  3 curse skulls
  17 vault wardens
  4 iron dragons
  5 draconian stormcallers
  A juggernaut zombie (Hell)
  2 angels
  9 draconian shifters
  6 draconian annihilators
  4 balrugs
  7 deep elf elementalists
  2 spriggan defenders (Depths:4)
  19 ghouls
  23 stone giants
  20 ironheart preservers
  58 very ugly things
  2 entropy weavers
  A caustic shrike skeleton (Depths:1)
  27 reapers
  A juggernaut skeleton (Depths:1)
  3 elemental wellsprings
  12 war gargoyles
  4 vampire knights
  A lorocyproca (Abyss:2)
  15 green draconians
  An ophan (Abyss:2)
  Nessos (D:13)
  Azrael (Elf:2)
  5 red draconians
  6 white draconians
  9 yellow draconians
  10 deep elf demonologists
  2 spark wasps (Depths:4)
  A minotaur (Gauntlet)
  9 black draconians
  9 deep elf annihilators
  8 purple draconians
  A green death (Abyss:1)
  13 ettins
  5 death oozes
  7 dire elephants
  5 fire dragons
  10 eidola
  A mummy priest (Crypt:3)
  Snorg (Lair:6)
  A quicksilver dragon zombie (Hell)
  8 jiangshi
  7 deep elf death magi
  16 blizzard demons
  Josephine (D:13)
  15 deep elf high priests
  14 naga warriors
  16 ogre magi
  18 great orbs of eyes
  18 yaktaur captains
  15 hydras
  2 spriggan air magi (Depths:3)
  11 rakshasas
  3 hell beasts
  25 ice dragons
  A caustic shrike simulacrum (Depths:2)
  33 vault guards
  2 juggernaut simulacra (Depths:4)
  3 ghost crabs
  5 anacondas
  11 centaur warriors
  14 death knights
  61 two-headed ogres
  3 shambling mangroves
  3 catoblepae
  12 alligators
  3 death yaks (D:10)
  20 tengu warriors
  9 deep troll earth magi
  3 titan zombies
  12 spriggan berserkers
  8 deep troll shamans
  25 thrashing horrors
  25 dancing weapons
  2 shock serpents (shapeshifter)
  5 shock serpents
  7 hell hogs
  6 vampire magi
  15 naga sharpshooters
  35 deep elf knights
  6 orc high priests
  6 storm dragon zombies
  3 iron golems
  10 sun demons
  A fire crab (shapeshifter) (Depths:4)
  17 soul eaters
  4 shadow wraiths
  A salamander mystic (Snake:4)
  7 sixfirhies
  4 titan skeletons
  29 wretched stars
  A sea snake (Snake:3)
  54 skeletal warriors
  10 iron trolls
  25 deep trolls
  A ghost moth zombie (Dis:7)
  A death drake (Abyss:3)
  5 storm dragon skeletons
  6 unseen horrors
  7 spatial maelstroms
  3 gelid demonspawn (Orc:2)
  3 spriggan druids
  2 tengu zombies
  51 hell knights
  56 starcursed masses
  12 swamp dragons
  3 glowing orange brains (shapeshifter)
  6 anaconda zombies
  2 quicksilver dragon simulacra (Depths:3)
  3 lindwurms (Swamp:4)
  11 glowing orange brains
  7 wizards
  A shadow demon (Abyss:3)
  9 flayed ghosts
  An orange crystal statue (Elf:1)
  7 shadow dragon zombies
  35 deep elf archers
  8 ironbrand convokers
  18 orc knights
  31 phantasmal warriors
  14 necromancers
  4 naga ritualists
  A mana viper (shapeshifter) (Depths:4)
  A sphinx zombie (Depths:1)
  8 orc sorcerers
  7 mana vipers
  3 golden dragon skeletons
  An orb spider (Abyss:3)
  An orb spider (shapeshifter) (Depths:1)
  2 iron dragon zombies
  18 harpies
  3 anaconda skeletons
  4 wolf spider zombies
  7 frost giant zombies
  3 stone giant zombies
  8 elephants
  4 shadow dragon skeletons
  5 oklob plants
  6 wolf spiders
  13 shining eyes
  50 ugly things
  7 salamanders
  3 tengu skeletons (Depths:1)
  15 worldbinders
  92 deep elf magi
  A stone giant skeleton (Geh:1)
  A cyclops (shapeshifter) (Vaults:2)
  10 cyclopes
  22 moths of wrath
  A black mamba (shapeshifter) (Vaults:4)
  39 rust devils
  2 eyes of devastation
  4 spriggan zombies
  4 ice statues
  An iron dragon skeleton (Depths:1)
  9 vault sentinels
  7 fire giant skeletons
  An eye of devastation (shapeshifter) (Vaults:1)
  5 dire elephant zombies
  31 black mambas
  A guardian serpent (shapeshifter) (Vaults:4)
  24 smoke demons
  14 naga magi
  7 guardian serpents
  3 orange demons
  A spiny frog (shapeshifter) (Vaults:2)
  12 apocalypse crabs
  15 spiny frogs
  3 titan simulacra
  4 gargoyles
  5 spectral swamp worms (Depths:5)
  3 rime drakes
  A white draconian zombie (Crypt:1)
  42 yaktaurs
  9 hellions
  2 spriggan skeletons (Depths:1)
  16 tormentors
  2 efreet
  3 kobold demonologists
  A sea snake zombie (Crypt:2)
  A swamp worm zombie (Crypt:1)
  2 emperor scorpion zombies
  3 demonic crawlers
  An iron troll zombie (Crypt:2)
  9 komodo dragons
  8 catoblepas skeletons (Abyss:3)
  23 ice devils
  6 hellwings
  A guardian mummy (Crypt:3)
  17 ancient zymes
  33 freezing wraiths
  7 tengu conjurers
  17 red devils
  2 elf skeletons
  A queen bee (shapeshifter) (Abyss:2)
  A tengu simulacrum (Depths:4)
  7 trolls
  Grinder (D:6)
  A meliai (shapeshifter) (Abyss:3)
  3 jumping spiders (Crypt:3)
  A jumping spider (shapeshifter) (Vaults:2)
  2 queen ant zombies (Crypt:2)
  A harpy zombie (Crypt:3)
  3 hydra zombies
  9 tyrant leeches
  2 hydra skeletons
  7 polar bears (Lair:1)
  24 blink frogs
  3 slime creatures (shapeshifter)
  3 blink frogs (shapeshifter)
  A harpy skeleton (Geh:1)
  147 slime creatures
  17 hornets
  A hornet (shapeshifter) (Depths:4)
  2 shadow dragon simulacra
  2 wind drakes (shapeshifter)
  2 fire dragon zombies
  5 alligator zombies
  50 raiju
  7 ice dragon zombies
  18 bog bodies
  A black mamba zombie (Crypt:3)
  2 deep troll zombies (Hell)
  10 hippogriffs
  5 ettin zombies
  4 ettin skeletons
  2 hippogriffs (shapeshifter)
  5 air elementals
  2 alligator skeletons
  2 fire dragon skeletons (Abyss:3)
  3 redbacks
  43 flying skulls
  An ice dragon skeleton (Geh:1)
  2 centaur simulacra
  14 spriggans
  16 shadows
  A fire bat (shapeshifter) (Vaults:5)
  A tarantella (Vaults:3)
  Eustachio (D:4)
  17 ynoxinuls
  23 yaks
  3 wyverns
  13 fire elementals
  A human (shapeshifter) (Vaults:4)
  28 wraiths
  3 vampires
  A basilisk (shapeshifter) (Vaults:5)
  2 yaks (shapeshifter)
  4 fire bats (Depths:5)
  8 golden eyes
  17 chaos spawn
  3 hogs (D:15)
  2 ushabtiu (Crypt:3)
  4 elf zombies (Depths:1)
  A black mamba skeleton (Geh:1)
  15 neqoxecs
  A water elemental (Coc:7)
  Grum (D:9)
  29 vampire mosquitoes
  9 basilisks
  6 hungry ghosts
  34 spatial vortices
  58 large abominations
  2 acid dragons
  3 hydra simulacra
  66 nagas
  A soldier ant (D:13)
  5 wargs
  16 swamp worms
  A warg (shapeshifter) (Vaults:4)
  10 water moccasins
  19 insubstantial wisps
  2 deep troll skeletons (Vaults:3)
  4 spiny frog zombies
  A floating eye (shapeshifter) (Vaults:5)
  39 hell hounds
  A merfolk skeleton (Coc:2)
  13 porcupines
  A porcupine (shapeshifter) (Depths:2)
  5 spiny frog skeletons
  A swamp dragon zombie (Crypt:3)
  58 orc warriors
  9 swamp drakes
  An ice beast (shapeshifter) (D:15)
  3 sky beasts
  6 ettin simulacra
  A dream sheep zombie (Crypt:1)
  4 ice beasts
  2 alligator simulacra
  A fire dragon simulacrum (Crypt:2)
  9 black bears
  13 eyes of draining
  An eye of draining (shapeshifter) (Vaults:4)
  17 necrophages
  44 ogres
  4 snapping turtle zombies
  A black mamba simulacrum (Abyss:2)
  20 centaurs
  4 wolves
  20 boggarts
  A manticore skeleton (Coc:4)
  10 crocodiles
  A snapping turtle skeleton (Coc:1)
  5 big kobolds
  A big kobold (shapeshifter) (D:15)
  Blork the orc (D:6)
  14 bullfrogs
  A salamander skeleton (Crypt:1)
  16 earth elementals
  5 wyvern skeletons (Crypt:3)
  A cyclops skeleton (Crypt:1)
  69 small abominations
  4 scorpions
  A killer bee (Abyss:3)
  A troll zombie (Crypt:1)
  2 human simulacra
  26 wights
  A howler monkey (D:14)
  5 electric eels
  14 crimson imps
  5 centaur zombies
  6 quasits
  26 orc priests
  5 hounds
  2 human zombies
  2 bullfrog skeletons
  11 centaur skeletons
  23 iron imps
  9 jellies
  3 iguanas
  A human skeleton (Hell)
  33 orc wizards
  17 worker ants
  2 hell rats (D:10)
  An ogre zombie (Abyss:2)
  A naga zombie (Crypt:2)
  A naga skeleton (Crypt:1)
  A hound zombie (D:5)
  2 hound skeletons
  2 mummies
  A worker ant zombie (D:9)
  A swamp drake zombie (Crypt:2)
  15 adders
  A howler monkey skeleton (D:4)
  7 shadow imps
  16 white imps
  16 ufetubi
  5 oozes
  5 adder zombies
  4 worms
  A barachi skeleton (Crypt:1)
  3 dart slugs
  5 leopard geckos
  108 orcs
  5 giant cockroaches
  A gnoll zombie (Crypt:2)
  8 goblins
  9 hobgoblins
  11 jackals
  5 quokkas
  3 ball pythons
  A ball python skeleton (Ossuary)
  4 bats
  3 frilled lizards
  A jackal skeleton (Crypt:1)
  36 kobolds
  A kobold zombie (Ossuary)
  A leopard gecko skeleton (D:7)
  A leopard gecko zombie (D:6)
  An orc zombie (Crypt:3)
  A quokka skeleton (D:4)
  A quokka zombie (D:5)
  11 rats
  A rat zombie (Crypt:2)
  4 fungi
  6 lurking horrors
  8 plants
  3 starspawn tentacles (Abyss:1)
  A tentacle (Abyss:3)
  3 withered plants (Crypt:3)
4149 creatures vanquished.

Vanquished Creatures (collateral kills)
  A tentacled monstrosity (Depths:4)
  An iron giant (Dis:7)
  An ancient champion (Dis:7)
  A storm dragon (Depths:4)
  A shadow dragon (Vaults:5)
  A draconian knight (Zot:3)
  A war gargoyle (Dis:7)
  4 very ugly things
  2 ironheart preservers (Vaults:5)
  A stone giant (Vaults:5)
  2 reapers (Dis:7)
  A vampire knight (Dis:7)
  A yellow draconian (Zot:3)
  An ettin (Depths:2)
  3 vault guards (D:14)
  Harold (D:9)
  An ogre mage (Vaults:5)
  A two-headed ogre (D:10)
  2 orc high priests (Orc:2)
  A titan zombie (Vaults:3)
  A naga sharpshooter (Snake:2)
  A skeletal warrior (Vaults:1)
  An anaconda zombie (Hell)
  A deep troll (Vaults:4)
  A deep elf archer (Vaults:2)
  An ironbrand convoker (Vaults:4)
  An orc knight (Vaults:2)
  An orc sorcerer (Orc:2)
  A wolf spider (D:15)
  2 deep elf magi
  A cyclops (Orc:1)
  A manticore (D:11)
  A dire elephant zombie (Dis:5)
  2 elephants (Lair:6)
  A naga mage (Snake:2)
  2 spiny frogs
  A yaktaur (Vaults:3)
  4 komodo dragons
  A freezing wraith (Crypt:1)
  An ancient zyme (Abyss:2)
  2 ice devils (Depths:3)
  A troll (Orc:2)
  3 blink frogs
  A bog body (Lair:4)
  3 slime creatures (Slime:1)
  4 hippogriffs
  A flying skull (Crypt:2)
  A ynoxinul (Abyss:2)
  A wyvern (Lair:5)
  8 yaks
  A golden eye (Slime:3)
  2 basilisks
  A chaos spawn (Abyss:3)
  A warg (Orc:2)
  2 nagas (Snake:2)
  7 orc warriors
  2 porcupines
  2 wolves (Lair:6)
  A centaur (D:13)
  An ogre (Orc:2)
  A crocodile (Lair:3)
  A big kobold (D:8)
  A scorpion (D:11)
  A wight (D:11)
  A crimson imp (D:9)
  2 orc priests (Orc:2)
  2 orc wizards (Orc:1)
  12 orcs
  4 kobolds (D:8)
124 creatures vanquished.

Vanquished Creatures (others)
  A smoke demon (Geh:1)
  487 fire vortices
  2 fungi
  A lurking horror (Abyss:3)
  11 plants
  27 starspawn tentacles
  3 tentacles (Abyss:3)
  11 toadstools (D:7)
  9 withered plants
552 creatures vanquished.

Grand Total: 4825 creatures vanquished

Notes
Turn   | Place    | Note
-------+----------+-------------------------------------------
     0 | D:1      | Spazmo the Deep Elf Fire Elementalist began the quest for
                  | the Orb.
     0 | D:1      | Reached XP level 1. HP: 10/10 MP: 6/6
   162 | D:1      | Reached XP level 2. HP: 15/15 MP: 2/8
   166 | D:1      | Learned a level 2 spell: Throw Flame
   510 | D:1      | Reached XP level 3. HP: 19/19 MP: 5/10
   517 | D:1      | Learned a level 3 spell: Conjure Flame
  1193 | D:2      | Reached XP level 4. HP: 24/24 MP: 7/12
  1199 | D:2      | Learned a level 4 spell: Sticky Flame
  1897 | D:3      | Reached XP level 5. HP: 28/28 MP: 8/14
  2170 | D:3      | Reached skill level 5 in Spellcasting
  2377 | D:3      | Found a bloodstained altar of Trog.
  2800 | D:3      | Found a runed translucent gate.
  2801 | D:3      | Found a runed translucent gate.
  2801 | D:3      | Found a runed translucent gate.
  2801 | D:3      | Noticed Senshi's ghost (amateur MiGl)
  2952 | D:4      | Reached skill level 5 in Fire Magic
  2952 | D:4      | Reached XP level 6. HP: 25/32 MP: 16/16
  2959 | D:4      | Learned a level 5 spell: Fireball
  3002 | D:4      | Noticed Eustachio
  3028 | D:4      | Killed Eustachio
  3105 | D:4      | Found a sand-covered staircase.
  3110 | Ossuary  | Entered an ossuary
  3195 | Ossuary  | Reached XP level 7. HP: 36/36 MP: 18/18
  3287 | Ossuary  | Noticed a flying skull
  3287 | Ossuary  | Noticed a wraith
  3294 | Ossuary  | Noticed a flying skull
  3311 | Ossuary  | Noticed a flying skull
  3315 | Ossuary  | Noticed a wraith
  3320 | Ossuary  | Killed a wraith
  3320 | Ossuary  | Reached skill level 5 in Conjurations
  3370 | Ossuary  | Noticed a flying skull
  3372 | Ossuary  | Noticed a flying skull
  3392 | Ossuary  | Noticed a wraith
  3403 | Ossuary  | Killed a wraith
  3690 | D:4      | Reached XP level 8. HP: 41/41 MP: 21/21
  3842 | D:5      | Entered Level 5 of the Dungeon
  3927 | D:5      | Found a staircase to the Ecumenical Temple.
  3938 | Temple   | Entered the Ecumenical Temple
  3943 | Temple   | Became a worshipper of Vehumet
  4342 | D:5      | Found Kebaruep's Magic Scroll Emporium.
  4647 | D:6      | Noticed Blork the orc
  4686 | D:6      | Killed Blork the orc
  4735 | D:6      | Noticed Grinder
  4760 | D:6      | Killed Grinder
  5531 | D:6      | Reached XP level 9. HP: 45/45 MP: 23/24
  5591 | D:6      | Reached * piety under Vehumet
  5591 | D:6      | Offered knowledge of Sting by Vehumet.
  5917 | D:7      | Reached skill level 10 in Spellcasting
  5922 | D:7      | Offered knowledge of Searing Ray by Vehumet.
  6002 | D:7      | Reached ** piety under Vehumet
  6325 | D:7      | Found a large runed translucent door.
  6326 | D:7      | Found a large runed translucent door.
  6351 | D:7      | Noticed a brown ugly thing
  6386 | D:7      | Found a large runed translucent door.
  6386 | D:7      | Found a large runed translucent door.
  6422 | D:7      | Noticed a white ugly thing
  6428 | D:7      | Killed a white ugly thing
  6432 | D:7      | Reached XP level 10. HP: 29/50 MP: 22/27
  6498 | D:7      | Learned a level 4 spell: Summon Lightning Spire
  6751 | D:7      | Killed a brown ugly thing
  6800 | D:7      | Got a scorched trident
  6801 | D:7      | Identified the +7 trident "Xinuelai" {distort, rPois
                  | Stlth+} (You found it on level 7 of the Dungeon)
  6815 | D:8      | Offered knowledge of Mephitic Cloud by Vehumet.
  6815 | D:8      | Reached skill level 10 in Fire Magic
  6822 | D:8      | Learned a level 3 spell: Mephitic Cloud
  7018 | D:8      | Reached *** piety under Vehumet
  7313 | D:8      | Noticed a two-headed ogre
  7325 | D:8      | Killed a two-headed ogre
  7330 | D:8      | Reached skill level 10 in Conjurations
  7333 | D:8      | Offered knowledge of Dazzling Spray by Vehumet.
  7545 | D:8      | Found Uziunuta's Jewellery Emporium.
  8025 | D:9      | Noticed Harold
  8039 | D:9      | Killed Harold
  8341 | D:9      | Found Bosu Ewi's Gadget Shop.
  8461 | D:9      | Found a staircase to the Orcish Mines.
  8615 | D:9      | Noticed Grum
  8640 | D:9      | Killed Grum
  8640 | D:9      | Reached skill level 1 in Summonings
  8645 | D:9      | Reached **** piety under Vehumet
  8769 | D:9      | Gained mutation: You have sharp toenails. [potion of
                  | mutation]
  8769 | D:9      | Gained mutation: You have a pair of small horns on your
                  | head. [potion of mutation]
  8769 | D:9      | Gained mutation: You evolve. [potion of mutation]
  8770 | D:9      | Lost mutation: You evolve. [potion of mutation]
  8770 | D:9      | Lost mutation: You have sharp toenails. [potion of
                  | mutation]
  8770 | D:9      | Gained mutation: You are robust. (+10% HP) [potion of
                  | mutation]
  8770 | D:9      | Gained mutation: Your natural rate of healing is unusually
                  | fast. [potion of mutation]
  8770 | D:9      | Gained mutation: You are agile. (Dex +2) [potion of
                  | mutation]
  8908 | D:9      | Reached XP level 11. HP: 50/59 MP: 12/29
  8939 | D:9      | Offered knowledge of Bolt of Magma by Vehumet.
  8953 | D:9      | Learned a level 5 spell: Bolt of Magma
  9117 | D:10     | Entered Level 10 of the Dungeon
  9117 | D:10     | Noticed a two-headed ogre
  9122 | D:10     | Killed a two-headed ogre
  9122 | D:10     | Reached skill level 1 in Earth Magic
  9141 | D:10     | Noticed a death yak
  9145 | D:10     | Noticed a death yak
  9148 | D:10     | Noticed a death yak
  9154 | D:10     | Killed a death yak
  9165 | D:10     | Killed a death yak
  9165 | D:10     | Killed a death yak
  9389 | D:10     | Reached skill level 1 in Fighting
  9417 | D:10     | Found a staircase to the Lair.
  9741 | Lair:1   | Entered Level 1 of the Lair of Beasts
  9803 | Lair:1   | Reached skill level 1 in Air Magic
  9804 | Lair:1   | Reached skill level 1 in Shields
  9870 | Lair:1   | Reached ***** piety under Vehumet
  9871 | Lair:1   | Offered knowledge of Spellforged Servitor by Vehumet.
 10448 | Lair:1   | Reached XP level 12. HP: 70/70 MP: 31/31
 10645 | Lair:1   | Reached skill level 5 in Dodging
 10648 | Lair:1   | Reached skill level 5 in Summonings
 10648 | Lair:1   | Reached skill level 5 in Earth Magic
 10726 | Lair:1   | Got an ancient dagger
 10727 | Lair:1   | Identified the cursed +3 dagger of the Dove {venom, *Drain
                  | MR+ Dex+2 Stlth+} (You found it on level 1 of the Lair of
                  | Beasts)
 11214 | Lair:2   | Found a staircase to the Snake Pit.
 12165 | Lair:3   | Reached skill level 5 in Fighting
 12518 | Lair:3   | Reached skill level 5 in Shields
 13174 | Lair:4   | Found a staircase to the Swamp.
 13657 | D:8      | Bought an uncursed amulet of magic regeneration for 360
                  | gold pieces
 13793 | Lair:5   | Reached XP level 13. HP: 81/81 MP: 32/32
 13861 | Lair:5   | Found a staircase to the Slime Pits.
 13976 | Lair:5   | Offered knowledge of Bolt of Fire by Vehumet.
 14444 | Lair:6   | Entered Level 6 of the Lair of Beasts
 14553 | Lair:6   | Learned a level 6 spell: Bolt of Fire
 14567 | Lair:6   | Reached skill level 10 in Dodging
 14791 | Lair:6   | Found a transporter.
 14791 | Lair:6   | Noticed Screwby's ghost (journeyman MiBe)
 14882 | Lair:6   | Got a crude tin ring
 14883 | Lair:6   | Identified the ring of Tuacuj {-Tele rF+ rC+ Str+5} (You
                  | found it on level 6 of the Lair of Beasts)
 14986 | Lair:6   | Found a transporter.
 15026 | Lair:6   | Got a flickering brass ring
 15027 | Lair:6   | Identified the ring of Desertification {rCorr Dex+4} (You
                  | found it on level 6 of the Lair of Beasts)
 15207 | Lair:6   | Noticed a dire elephant
 15207 | Lair:6   | Noticed a dire elephant
 15213 | Lair:6   | HP: 4/83 [dire elephant (30)]
 15215 | Lair:6   | Noticed a dire elephant
 15220 | Lair:6   | Killed a dire elephant
 15222 | Lair:6   | Killed a dire elephant
 15223 | Lair:6   | Killed a dire elephant
 15261 | Lair:6   | Noticed a dire elephant
 15268 | Lair:6   | Killed a dire elephant
 15483 | Lair:6   | Noticed a dire elephant
 15494 | Lair:6   | Killed a dire elephant
 15590 | Lair:6   | Noticed Snorg
 15594 | Lair:6   | Killed Snorg
 15666 | Lair:6   | Noticed a dire elephant
 15670 | Lair:6   | Killed a dire elephant
 15796 | Orc:1    | Entered Level 1 of the Orcish Mines
 15799 | Orc:1    | Reached XP level 14. HP: 90/90 MP: 33/33
 16033 | Orc:2    | Entered Level 2 of the Orcish Mines
 16375 | Orc:2    | Found Oviubb's General Store.
 16380 | Orc:2    | Found Cienemu's Distillery.
 16546 | Orc:2    | Offered knowledge of Conjure Ball Lightning by Vehumet.
 16663 | Orc:2    | Found a staircase to the Elven Halls.
 17382 | Orc:2    | Reached skill level 15 in Spellcasting
 17460 | Orc:2    | Found Wass's Book Boutique.
 17460 | Orc:2    | Found Esawuotz's Antique Armour Shop.
 17461 | Orc:2    | Found a one-way gate leading to the halls of Pandemonium.
 17497 | Orc:2    | Bought a runed hat for 182 gold pieces
 18073 | D:11     | Reached ****** piety under Vehumet
 18188 | D:11     | Found Heroall's Antique Weapon Boutique.
 18522 | D:11     | Got a brightly glowing long sword
 18523 | D:11     | Identified the +3 long sword of Chaos {protect, SInv} (You
                  | found it on level 11 of the Dungeon)
 18770 | D:12     | Offered knowledge of Irradiate by Vehumet.
 19511 | D:13     | Found a gate leading to a gauntlet.
 19519 | D:13     | Reached XP level 15. HP: 87/94 MP: 36/36
 19528 | D:13     | Noticed Nessos
 19539 | D:13     | Killed Nessos
 19600 | Gauntlet | Entered a Gauntlet
 19600 | Gauntlet | Found a transporter.
 19600 | Gauntlet | Found a transporter.
 19600 | Gauntlet | Found a transporter.
 19601 | Gauntlet | Found a transporter.
 19603 | Gauntlet | Found a transporter.
 19605 | Gauntlet | Found a transporter.
 19611 | Gauntlet | Found a transporter.
 19612 | Gauntlet | Found a runed translucent door.
 19614 | Gauntlet | Found a transporter.
 19614 | Gauntlet | Found a transporter.
 19616 | Gauntlet | Found a transporter.
 19620 | Gauntlet | Found a runed translucent door.
 19624 | Gauntlet | Found a transporter.
 19630 | Gauntlet | Found a transporter.
 19632 | Gauntlet | Found a runed translucent door.
 19939 | Gauntlet | Got a bound granite ring
 19940 | Gauntlet | Identified the ring of Seocs {rElec rPois rN+ Dex-4 Stlth-}
                  | (You found it in a Gauntlet)
 19997 | Gauntlet | Identified the Grimoire of Glacial Lightness
 20149 | D:13     | Noticed Josephine
 20154 | D:13     | Killed Josephine
 20388 | D:13     | Offered knowledge of Iron Shot by Vehumet.
 20624 | D:13     | Found Zoitog's Armour Shop.
 20797 | D:14     | Learned a level 6 spell: Iron Shot
 20973 | D:14     | Found a gate to the Vaults.
 21620 | D:14     | Got a jewelled falchion
 21621 | D:14     | Identified the +8 falchion of Ynoyn {distort, rN+ Stlth+}
                  | (You found it on level 14 of the Dungeon)
 21626 | D:14     | Identified a scroll of acquirement
 21627 | D:14     | Found the -2 hat of the Alchemist {rElec rPois rF+ rC+ rN+
                  | MR+ rMut rCorr}
 21654 | D:15     | Entered Level 15 of the Dungeon
 21817 | D:15     | Noticed Kirke
 21821 | D:15     | Killed Kirke
 21821 | D:15     | Reached skill level 15 in Conjurations
 21821 | D:15     | Reached skill level 15 in Fire Magic
 21937 | D:15     | Found a shimmering altar of Xom.
 22072 | D:15     | Found a staircase to the Depths.
 22101 | D:15     | Offered knowledge of Poison Arrow by Vehumet.
 22105 | D:15     | Reached XP level 16. HP: 99/101 MP: 28/38
 22292 | D:15     | Found Jecweh's Assorted Antiques.
 22365 | D:15     | Found an ornate altar of the Wu Jian Council.
 22775 | Snake:1  | Entered Level 1 of the Snake Pit
 23487 | Snake:2  | Noticed Aizul
 23504 | Snake:2  | Killed Aizul
 23573 | Snake:2  | Offered knowledge of Orb of Destruction by Vehumet.
 23638 | Snake:2  | Upgraded the game from 0.24-a0-416-g56ce517 to
                  | 0.24-a0-417-g1cce26a
 23650 | Snake:2  | Noticed Vashnia
 24009 | Snake:2  | Killed Vashnia
 24292 | Snake:2  | Reached skill level 10 in Earth Magic
 24666 | Snake:3  | Identified the +4 morningstar "Newtslayer" {speed, Int+3}
 24744 | Snake:3  | Found a runed translucent gate.
 24744 | Snake:3  | Found a runed translucent gate.
 24747 | Snake:3  | Found a runed translucent gate.
 24748 | Snake:3  | Noticed Meow's ghost (adept NaVM)
 24748 | Snake:3  | Noticed Qaeggeuc's ghost (adept MiBe)
 24748 | Snake:3  | Noticed Ruutasot's ghost (journeyman TeAE)
 24748 | Snake:3  | Noticed spsoon's ghost (adept BaHu)
 24748 | Snake:3  | Noticed Darkshadow's ghost (journeyman MiBe)
 24801 | Snake:3  | Found Guxt's Goods Gallery.
 25196 | Snake:4  | Entered Level 4 of the Snake Pit
 25200 | Snake:4  | Reached XP level 17. HP: 104/105 MP: 39/39
 26624 | Snake:4  | Got a serpentine rune of Zot
 26804 | Snake:3  | Bought the cursed +0 pair of gloves "Syss" {rF+ rC+ Str+4}
                  | for 309 gold pieces
 26929 | Swamp:1  | Entered Level 1 of the Swamp
 28717 | Swamp:3  | Offered knowledge of Lehudib's Crystal Spear by Vehumet.
 28717 | Swamp:3  | Offered knowledge of Fire Storm by Vehumet.
 28717 | Swamp:3  | Offered knowledge of Ignition by Vehumet.
 28717 | Swamp:3  | Reached XP level 18. HP: 111/111 MP: 41/41
 28732 | Swamp:3  | Learned a level 9 spell: Fire Storm
 29504 | Swamp:4  | Entered Level 4 of the Swamp
 30397 | Swamp:4  | Got a decaying rune of Zot
 31148 | Vaults:1 | Entered Level 1 of the Vaults
 31561 | Vaults:1 | Found a shimmering altar of Xom.
 32264 | Vaults:1 | Reached XP level 19. HP: 115/115 MP: 42/42
 32329 | Vaults:1 | Found a radiant altar of Vehumet.
 32334 | Vaults:1 | Found the +2 hat of the Bear Spirit {Spirit, +Rage rN+
                  | MR++}
 32345 | Vaults:1 | Got a thick robe
 32346 | Vaults:1 | Identified the +0 robe of Trog's Condemnation {rElec MR-
                  | Str-2 Stlth+} (You found it on level 1 of the Vaults)
 34689 | Vaults:3 | Reached XP level 20. HP: 122/122 MP: 43/43
 34828 | Vaults:3 | Found a staircase to the Crypt.
 34828 | Vaults:3 | Found a basalt altar of Yredelemnul.
 34833 | Vaults:3 | Found an ancient bone altar of Kikubaaqudgha.
 34930 | Vaults:3 | Found Yqileth's General Store.
 34940 | Vaults:3 | Bought a potion of heal wounds for 55 gold pieces
 34940 | Vaults:3 | Bought a potion of curing for 33 gold pieces
 34940 | Vaults:3 | Bought 2 scrolls of identify for 44 gold pieces
 34949 | Vaults:3 | Learned a level 8 spell: Ignition
 35482 | Vaults:3 | Noticed Bai Suzhen
 35485 | Vaults:3 | Killed Bai Suzhen
 35608 | Vaults:3 | Got a vibrating lapis lazuli ring
 35609 | Vaults:3 | Identified the ring of Doenger {Ice +Fly rN+ MP-9 Dex+2}
                  | (You found it on level 3 of the Vaults)
 35967 | Vaults:4 | Noticed Margery
 35970 | Vaults:4 | Killed Margery
 35976 | Vaults:4 | Found Ynatweg's Book Shop.
 35996 | Vaults:4 | Bought a book of Minor Magic for 260 gold pieces
 36002 | Vaults:4 | Learned a level 2 spell: Blink
 36056 | Vaults:4 | Reached skill level 1 in Translocations
 36701 | Vaults:4 | Reached XP level 21. HP: 117/127 MP: 34/44
 36916 | Vaults:4 | Noticed Boris
 36920 | Vaults:4 | Killed Boris
 37258 | Depths:1 | Entered Level 1 of the Depths
 37450 | Depths:1 | Found a gateway to Hell.
 37845 | Depths:1 | Found the +9 sword of Zonguldrok {reap}
 38089 | Depths:1 | Reached skill level 10 in Fighting
 38089 | Depths:1 | Reached skill level 15 in Dodging
 38132 | Depths:1 | Found Ofust's Gadget Emporium.
 38137 | Depths:1 | Found Cujurchi's Jewellery Boutique.
 38138 | Depths:1 | Found Okkaes's Gadget Emporium.
 38289 | Depths:1 | Found a gateway to a ziggurat.
 38351 | Depths:1 | Identified the +7 hand axe of the Skies Above {freeze, rN+
                  | Int+4 Stlth+}
 38390 | Depths:1 | Noticed Boris
 38393 | Depths:1 | Killed Boris
 38866 | Depths:2 | Found a one-way gate to the infinite horrors of the Abyss.
 38868 | Depths:2 | Found a transporter.
 39046 | Depths:2 | Reached XP level 22. HP: 139/139 MP: 46/46
 39161 | Depths:2 | Found a glowing golden altar of the Shining One.
 39268 | Depths:2 | Found a transporter.
 39271 | Depths:2 | Noticed an ancient lich
 39271 | Depths:2 | Noticed Senshi's ghost (adept DsMo)
 39626 | Depths:3 | Noticed a juggernaut
 39634 | Depths:3 | Killed a juggernaut
 39742 | Depths:3 | Found a basalt altar of Yredelemnul.
 39794 | Depths:3 | Found an ornate altar of the Wu Jian Council.
 39838 | Depths:3 | Noticed a juggernaut
 39847 | Depths:3 | Killed a juggernaut
 39901 | Depths:3 | Noticed a golden dragon
 40060 | Depths:3 | Killed a golden dragon
 40171 | Depths:3 | Reached skill level 15 in Earth Magic
 40196 | Depths:3 | Found a glowing silver altar of Zin.
 40686 | Depths:3 | Identified the Catalogue of the Blistering Entourage
 40838 | Depths:3 | Found a hide-covered altar of Uskayaw.
 41341 | Depths:4 | Reached XP level 23. HP: 133/145 MP: 38/49
 41703 | Depths:4 | Found the +9 staff of Olgreb {rPois}
 41945 | Depths:4 | Found Amu Zeis's Antique Armour Emporium.
 42125 | Depths:4 | Identified a +1 pair of boots of running (You found it on
                  | level 4 of the Depths)
 42391 | Depths:5 | Entered Level 5 of the Depths
 42528 | Depths:5 | Found a gate to the Realm of Zot.
 42714 | Depths:5 | Reached XP level 24. HP: 140/150 MP: 47/49
 42936 | Depths:5 | Found a deep blue altar of Sif Muna.
 43080 | Depths:5 | Learned a level 6 spell: Deflect Missiles
 43432 | Vaults:5 | Entered Level 5 of the Vaults
 43433 | Vaults:5 | Reached skill level 1 in Charms
 43456 | Vaults:5 | Reached skill level 5 in Charms
 43456 | Vaults:5 | Reached skill level 5 in Air Magic
 43664 | Vaults:4 | Learned a level 3 spell: Ozocubu's Armour
 43703 | Vaults:5 | Reached XP level 25. HP: 122/155 MP: 31/49
 44275 | Vaults:5 | Identified the Compendium of Venomous Benedictions
 44283 | Vaults:5 | Got a scorched glaive
 44284 | Vaults:5 | Identified the +0 glaive of Resourcefulness {freeze, MP+9
                  | Str-2 Int+3} (You found it on level 5 of the Vaults)
 44455 | Vaults:5 | Got a silver rune of Zot
 45156 | Zot:1    | Entered Level 1 of the Realm of Zot
 45394 | Zot:1    | Found a runed translucent gate.
 45403 | Zot:1    | Found a runed translucent gate.
 45403 | Zot:1    | Found a runed translucent gate.
 45403 | Zot:1    | Found an ancient bone altar of Kikubaaqudgha.
 45405 | Zot:1    | Noticed an ancient lich
 45405 | Zot:1    | Noticed Rehihex's ghost (master TrFi)
 45405 | Zot:1    | Noticed an ancient lich
 45406 | Zot:1    | Noticed an ancient lich
 45406 | Zot:1    | Noticed an ancient lich
 45411 | Zot:1    | Killed an ancient lich
 45411 | Zot:1    | Killed an ancient lich
 45413 | Zot:1    | Killed an ancient lich
 45413 | Zot:1    | Killed an ancient lich
 45423 | Zot:1    | Killed Rehihex's ghost
 45487 | Zot:1    | Got a scorched pewter amulet
 45488 | Zot:1    | Identified the amulet "Wuczeni" {Gourm Str+2 Int+6 Slay-6}
                  | (You found it on level 1 of the Realm of Zot)
 45501 | Zot:1    | Identified Kikubaaqudgha's Reference Book on Stolen Souls
 45507 | Zot:1    | Got a translucent hat
 45508 | Zot:1    | Identified the +1 hat "Pinu Loss" {+Inv} (You found it on
                  | level 1 of the Realm of Zot)
 46211 | Zot:2    | Found a runed translucent door.
 46211 | Zot:2    | Noticed Yzaleek's ghost (legendary MiBe)
 46565 | Zot:2    | Found the +8 orange crystal plate armour {Archmagi, Int+3
                  | Clar}
 47022 | Zot:3    | Reached XP level 26. HP: 134/166 MP: 49/49
 48307 | Zot:5    | Entered Level 5 of the Realm of Zot
 48437 | Zot:5    | Reached skill level 1 in Evocations
 48548 | Zot:5    | Reached skill level 5 in Evocations
 48624 | Zot:5    | Noticed an ancient lich
 48628 | Zot:5    | Killed an ancient lich
 48740 | Zot:5    | Noticed an orb of fire
 48744 | Zot:5    | Noticed an ancient lich
 48745 | Zot:5    | Noticed an ancient lich
 48746 | Zot:5    | Killed an ancient lich
 48746 | Zot:5    | Reached skill level 10 in Evocations
 48746 | Zot:5    | Killed an orb of fire
 48746 | Zot:5    | Killed an ancient lich
 48746 | Zot:5    | Reached XP level 27. HP: 97/172 MP: 43/51
 48746 | Zot:5    | Killed an ancient lich
 48750 | Zot:5    | Noticed an ancient lich
 48753 | Zot:5    | Killed an ancient lich
 48858 | Zot:5    | Noticed an ancient lich
 48862 | Zot:5    | Killed an ancient lich
 49104 | Zot:5    | Reached skill level 15 in Evocations
 49114 | Zot:5    | Noticed an ancient lich
 49116 | Zot:5    | Killed an ancient lich
 49152 | Zot:5    | Noticed an ancient lich
 49167 | Zot:5    | Killed an ancient lich
 49234 | Zot:5    | Noticed an ancient lich
 49238 | Zot:5    | Killed an ancient lich
 49329 | Zot:5    | Noticed an ancient lich
 49333 | Zot:5    | Killed an ancient lich
 49424 | Zot:5    | Upgraded the game from 0.24-a0-417-g1cce26a to
                  | 0.24-a0-420-g24607be
 49967 | Elf:1    | Entered Level 1 of the Elven Halls
 50276 | Elf:1    | Reached skill level 5 in Stealth
 50603 | Elf:1    | Identified Ulyreply's Almanac of Confrontation
 50963 | Elf:2    | Found Tychy's Antique Armour Emporium.
 51271 | Elf:2    | Found a runed translucent gate.
 51271 | Elf:2    | Found a runed translucent gate.
 51271 | Elf:2    | Found a runed translucent gate.
 51922 | Elf:2    | Noticed Azrael
 51962 | Elf:2    | Killed Azrael
 52316 | Elf:3    | Entered Level 3 of the Elven Halls
 52621 | Elf:3    | Reached skill level 10 in Stealth
 53453 | Elf:3    | Identified the ring of the Meadowlark {rC+ MR+}
 53459 | Elf:3    | Identified the +6 war axe of Chagrin {protect, rPois Int+4}
 53459 | Elf:3    | Identified the ring of Nihilism {Dex+5 Stlth+}
 53463 | Elf:3    | Identified the +9 spear "Roahymul" {pain, rF++ rC+++}
 53565 | Elf:3    | Got a shimmering whip
 53566 | Elf:3    | Identified the +6 whip "Buguxigh" {distort, rElec rPois
                  | rN++ Stlth-} (You found it on level 3 of the Elven Halls)
 53590 | Elf:3    | Got a fine hand axe
 53591 | Elf:3    | Identified the cursed +1 hand axe of Ikheg {vamp, +Inv rN++
                  | Int-2 Stlth+} (You took it off a deep elf mage on level 3
                  | of the Elven Halls)
 53602 | Elf:3    | Got an ancient fustibalus
 53603 | Elf:3    | Identified the cursed +2 fustibalus of the Gnat {venom,
                  | MP+9} (You found it on level 3 of the Elven Halls)
 53632 | Elf:3    | Got a crystal long sword
 53633 | Elf:3    | Identified the +4 long sword "Moexoto" {drain, Fragile
                  | rElec rF+ Stlth+} (You found it on level 3 of the Elven
                  | Halls)
 53646 | Elf:3    | Got a pair of encrusted boots
 53647 | Elf:3    | Identified the cursed +0 pair of boots of the Scribe {rF+
                  | Str+2 Slay-2 SInv} (You found it on level 3 of the Elven
                  | Halls)
 54000 | Slime:1  | Entered Level 1 of the Pits of Slime
 54023 | Slime:1  | Gained mutation: You are partially covered in molten
                  | scales. (AC +2) [a shining eye]
 54797 | Slime:4  | Noticed Dissolution
 54803 | Slime:4  | Killed Dissolution
 54881 | Slime:4  | Gained mutation: You occasionally shout uncontrollably at
                  | your foes. [a shining eye]
 54921 | Slime:5  | Entered Level 5 of the Pits of Slime
 54936 | Slime:5  | Noticed the Royal Jelly
 54937 | Slime:5  | Found a viscous altar of Jiyva.
 54941 | Slime:5  | Killed the Royal Jelly
 54973 | Slime:5  | Got a transparent broad axe
 54974 | Slime:5  | Identified the +2 broad axe of the Assorted Moons {elec,
                  | rElec} (You found it on level 5 of the Pits of Slime)
 54983 | Slime:5  | Identified the Papyrus of Feathery Aid
 54984 | Slime:5  | Lost mutation: You are robust. (+10% HP) [a shining eye]
 54989 | Slime:5  | Got a warped tin ring
 54990 | Slime:5  | Identified the ring of Equilibrium {Wiz rF+ Int+2} (You
                  | found it on level 5 of the Pits of Slime)
 55017 | Slime:5  | Got a glittering marble ring
 55018 | Slime:5  | Identified the ring of the Ego {+Inv +Fly rPois rF- MR+}
                  | (You found it on level 5 of the Pits of Slime)
 55047 | Slime:5  | Got a polished falchion
 55048 | Slime:5  | Identified the +3 falchion of Turmoil {venom, rF+ rN+ Str+3
                  | Dex-2} (You found it on level 5 of the Pits of Slime)
 55054 | Slime:5  | Got a slimy rune of Zot
 55080 | Slime:5  | Got a twisted hand axe
 55081 | Slime:5  | Identified the +7 hand axe "Luipukos" {distort, +Fly Str+3
                  | Int+4} (You found it on level 5 of the Pits of Slime)
 55094 | Slime:5  | Identified Sif Muna's Grimoire of Weightlessness
 55492 | Depths:2 | Killed an ancient lich
 55493 | Depths:2 | Killed Senshi's ghost
 55550 | Depths:2 | Voluntarily entered the Abyss.
 55550 | Abyss:1  | Found a corrupted altar of Lugonu.
 55711 | Abyss:1  | Found a corrupted altar of Lugonu.
 56623 | Abyss:3  | Learned a level 5 spell: Borgnjor's Vile Clutch
 56658 | Abyss:3  | Found a corrupted altar of Lugonu.
 56831 | Abyss:3  | Reached skill level 1 in Necromancy
 57153 | Abyss:3  | Found a corrupted altar of Lugonu.
 57214 | Abyss:3  | Reached skill level 5 in Necromancy
 57315 | Abyss:3  | Found a corrupted altar of Lugonu.
 57471 | Abyss:3  | Got an abyssal rune of Zot
 57502 | Abyss:3  | Found a corrupted altar of Lugonu.
 57530 | Depths:2 | Escaped the Abyss
 57873 | Crypt:1  | Entered Level 1 of the Crypt
 58134 | Crypt:1  | Reached skill level 10 in Necromancy
 58606 | Crypt:1  | Upgraded the game from 0.24-a0-420-g24607be to
                  | 0.24-a0-422-g9eff389
 59996 | Crypt:3  | Entered Level 3 of the Crypt
 60905 | Crypt:3  | Found the +5 scythe "Finisher" {speed, eviscerate}
 61062 | Crypt:3  | Reached skill level 15 in Necromancy
 61266 | Crypt:3  | Found a staircase to the Tomb.
 61453 | Crypt:3  | Found a basalt altar of Yredelemnul.
 61743 | Crypt:3  | Found the +3 warlock's mirror {reflect}
 62885 | Orc:2    | Bought a book of the Warp for 1530 gold pieces
 62885 | Orc:2    | Bought a book of Summonings for 1190 gold pieces
 62885 | Orc:2    | Bought a book of the Tempests for 1190 gold pieces
 62894 | Orc:2    | Learned a level 5 spell: Aura of Abjuration
 63189 | Depths:2 | Voluntarily entered the Abyss.
 63292 | Abyss:1  | Found a roughly hewn altar of Beogh.
 63337 | Abyss:1  | Noticed an ancient lich
 63343 | Abyss:1  | Killed an ancient lich
 63410 | Abyss:1  | Reached skill level 10 in Air Magic
 63625 | Abyss:3  | Found a corrupted altar of Lugonu.
 64887 | Abyss:3  | Got a scorched broad axe
 64888 | Abyss:3  | Identified the cursed +0 broad axe of Infinity {freeze,
                  | rN++ Str-3 Dex+4} (You found it on level 3 of the Abyss)
 65146 | Abyss:3  | Reached skill level 15 in Air Magic
 65947 | Depths:2 | Escaped the Abyss
 66040 | Depths:2 | Learned a level 9 spell: Tornado
 66053 | Depths:2 | Voluntarily entered the Abyss.
 66073 | Depths:2 | Escaped the Abyss
 66134 | Depths:2 | Voluntarily entered the Abyss.
 66272 | Abyss:1  | Found a corrupted altar of Lugonu.
 66781 | Abyss:2  | Found a corrupted altar of Lugonu.
 66881 | Abyss:2  | Found a corrupted altar of Lugonu.
 67420 | Depths:2 | Escaped the Abyss
 67500 | Depths:2 | Voluntarily entered the Abyss.
 67915 | Abyss:2  | Found a shimmering altar of Xom.
 67961 | Abyss:2  | Found a snail-covered altar of Cheibriados.
 67985 | Depths:2 | Escaped the Abyss
 67996 | Depths:2 | Learned a level 6 spell: Statue Form
 67998 | Depths:2 | Voluntarily entered the Abyss.
 68005 | Abyss:1  | Reached skill level 1 in Transmutations
 68229 | Abyss:2  | Reached skill level 5 in Translocations
 68948 | Abyss:2  | Gained mutation: Your spells are a little easier to cast,
                  | but a little less powerful. [a neqoxec]
 68999 | Abyss:2  | Reached skill level 5 in Transmutations
 69141 | Depths:2 | Escaped the Abyss
 69983 | Hell     | Entered the Vestibule of Hell
 69983 | Hell     | Noticed Geryon
 69996 | Hell     | Killed Geryon
 70169 | Depths:1 | Lost mutation: You have a pair of small horns on your head.
                  | [potion of mutation]
 70169 | Depths:1 | Lost mutation: Your spells are a little easier to cast, but
                  | a little less powerful. [potion of mutation]
 70169 | Depths:1 | Lost mutation: You occasionally shout uncontrollably at
                  | your foes. [potion of mutation]
 70169 | Depths:1 | Lost mutation: You are agile. (Dex +2) [potion of mutation]
 70169 | Depths:1 | Gained mutation: You passively map a small area around you.
                  | [potion of mutation]
 70169 | Depths:1 | Gained mutation: You expend magic power (3 MP) to
                  | strengthen your wands. [potion of mutation]
 70169 | Depths:1 | Gained mutation: You have a pair of small horns on your
                  | head. [potion of mutation]
 70808 | Hell     | Found a gateway to the decaying netherworld of Tartarus.
 70954 | Hell     | Found a gateway to the Iron City of Dis.
 71027 | Hell     | Found a gateway to the ashen valley of Gehenna.
 71085 | Hell     | Found a gateway to the freezing wastes of Cocytus.
 71650 | Coc:1    | Entered Level 1 of Cocytus
 71710 | Coc:1    | Reached skill level 10 in Translocations
 72087 | Coc:4    | Reached skill level 10 in Transmutations
 72264 | Coc:7    | Entered Level 7 of Cocytus
 72777 | Coc:7    | Identified the cursed ring of Dawn {rElec MR+ Str+2 Int-3}
 72777 | Coc:7    | Noticed Antaeus
 72792 | Coc:7    | Killed Antaeus
 72898 | Coc:7    | Got an icy rune of Zot
 72906 | Coc:7    | Identified The Advanced Guide to Spellcraft
 73294 | Orc:2    | Bought a potion of magic for 120 gold pieces
 73295 | Orc:2    | Upgraded the game from 0.24-a0-422-g9eff389 to
                  | 0.24-a0-423-g6870c0f
 73326 | Orc:2    | Bought a book of Necromancy for 510 gold pieces
 73331 | Orc:2    | Learned a level 3 spell: Regeneration
 73626 | Geh:1    | Entered Level 1 of Gehenna
 74215 | Geh:1    | Reached skill level 15 in Translocations
 74376 | Dis:1    | Entered Level 1 of the Iron City of Dis
 74759 | Dis:2    | Reached skill level 15 in Transmutations
 75267 | Dis:7    | Entered Level 7 of the Iron City of Dis
 76219 | Hell     | Reached skill level 15 in Fighting
 76363 | Dis:4    | Mangled by a reaper

Levels and vault maps discovered:
D:1:      scummos_arrival_hexagon, layout_loops_corners
D:2:      layout_basic, st_stairs_7
D:3:      layout_basic, bloody_trog, gammafunk_ghost_nasty_kobolds
D:4:      layout_cave_pools, enter_ossuary_2, first_ration, uniq_eustachio
D:5:      layout_gridville, temple_pool_b, serial_shops,
          nicolae_shop_waterfront, hangedman_minor_gate_pass
D:6:      layout_cave_pods, uniq_grinder, uniq_blork_the_orc
D:7:      cheibrodos_fertilizer, layout_basic, the_bakery,
          minmay_hollow_rounded_squares
D:8:      layout_layer_cave, serial_shops, shop_statue
D:9:      layout_irregular_city, david_orc_2, serial_shops, nicolae_shop_stone,
          uniq_grum, uniq_harold
D:10:     layout_rooms, dpeg_lair_monsters
D:11:     layout_rooms, serial_shops, shop
D:12:     layout_loops_ring, hangedman_cracks_in_the_wall
D:13:     layout_long_grid, gauntlet_entry_generic, serial_shops,
          nicolae_shop_temple_entry_statues_fountains,
          chequers_serial_rivers_micro_b, uniq_josephine, uniq_nessos
D:14:     layout_irregular_city, erik_vaults_2, chequers_serial_rivers_room_b
D:15:     hangedman_depths_entry_try_elsewhere_first, layout_basic,
          chequers_serial_rivers_marsh, serial_shops,
          nicolae_shop_overgrown_old_shop, hangedman_feature_mirror, uniq_kirke
Temple:   compressed_dpeg_triangle_lava_temple
Lair:1:   beast_lair_carwin_large_4, layout_loops_ring, serial_bayou,
          serial_bayou_crossing, serial_bayou_lake_a, serial_bayou_shore_b,
          minmay_lair_oklob_chamber, lemuel_fruit_fields
Lair:2:   layout_misc_corridors, guppyfry_snake_entry_island
Lair:3:   wad_woods_tower, layout_hall_layers
Lair:4:   layout_hall_layers, skrybe_swamp_entry_bodies,
          infiniplex_staircase_pool, grunt_megastairs_2
Lair:5:   layout_long_grid, minmay_slime_entry_pillars, st_stairs_12
Lair:6:   due_jungle_book, layout_gridlike, gammafunk_ghost_arena,
          hangedman_lair_generics_rect, grunt_megastairs_4, uniq_snorg
Swamp:1:  layout_falls_marsh, nicolae_swamp_fairy_circle, swamp_pool4,
          infiniplex_staircase_pool_2
Swamp:2:  layout_basic_swamp, nicolae_swamp_round_clearing
Swamp:3:  layout_falls_marsh, hangedman_swamp_ruin_wall, swamp_pool4
Swamp:4:  swamp_alternative, layout_basic_swamp
Snake:1:  layout_misc_corridors
Snake:2:  layout_cave_shapes, drop_trap, uniq_vashnia, uniq_aizul
Snake:3:  layout_rooms, gammafunk_ghost_cemetery, nicolae_alphabet_shops,
          nrook_loot_triangle, drop_trap, minmay_snake_pond
Snake:4:  minmay_snake_end_coiled, layout_cave_town, nicolae_snake_single_loop
Slime:1:  layout_caves
Slime:2:  cheibrodos_slime_lost_civilization_9, layout_caves
Slime:3:  layout_caves
Slime:4:  layout_caves, uniq_dissolution
Slime:5
Orc:1:    layout_caves, minmay_orc_keep
Orc:2:    pf_orc_diabolical, layout_caves
Elf:1:    eino_elf_arrival_sip, layout_rooms, minivault_28, minivault_16,
          minmay_elf_annihilation
Elf:2:    layout_loops_corners, serial_shops, shop, uniq_azrael
Elf:3:    minmay_elf_hall_circle, layout_onion_city, drop_trap
Vaults:1: v_pattern_3, hangedman_vaults_river_flow, grunt_tower_of_power,
          v_misc_27, nicolae_vaults_big_ls, ontoclasm_vaults_tryst,
          vaults_room_pools, v_misc_26, nicolae_vaults_border_crossing,
          v_misc_14, layout_vaults_big_cross, basic_altar
Vaults:2: vaults_mumra_hex, v_misc_29, v_misc_26, grunt_vaults_diagonal,
          nicolae_vaults_little_squares_1, grunt_vaults_hallway_short,
          vaults_room_pools, layout_vaults_quadrants
Vaults:3: nicolae_vaults_gold_heap, ontoclasm_vaults_gateway,
          hangedman_vaults_locks, v_rooms_1, vaults_standard_mumra_x,
          nicolae_vaults_angled_halls, grunt_vaults_trifunnel, v_misc_9,
          hangedman_vaults_restitches, dpeg_vaults_waves,
          minmay_crypt_entry_necro_gods, v_alt_pattern_3,
          ontoclasm_vaults_ring_square, vaults_room_fancy_cross,
          hangedman_vaults_impose, vaults_room_pools, layout_vaults_maze,
          serial_shops, shop, uniq_bai_suzhen
Vaults:4: vaults_mumra_minichess, v_misc_10, vaults_room_stairs_pillars,
          v_misc_31, nicolae_vaults_ninety_degrees, st_quartered_hall,
          nicolae_vaults_yaktaur_gun_rack, v_alt_pattern_3, v_misc_5,
          nicolae_vaults_theta, layout_vaults_ring, serial_shops,
          nicolae_shop_crystal, uniq_margery, uniq_boris
Vaults:5: serial_shops
Crypt:1:  layout_misc_corridors
Crypt:2:  layout_misc_corridors, minmay_misc_feat_pillars,
          nicolae_crypt_statuary_hall
Crypt:3:  evilmike_haunted_forest
Depths:1: layout_gridlike, enter_ziggurat_d, hangedman_abyss_or_decor_stagger,
          grunt_pan_entry_in_and_out, grunt_mini_vestibule,
          minmay_guarded_unrand_zonguldrok, minmay_shop_grove,
          grunt_megastairs_1, serial_bayou_shore_b
Depths:2: wander_protected_by_tso, layout_cave_shapes, hell_entry,
          gammafunk_ghost_mausoleum, abyss_entry, minmay_misc_feat_cross
Depths:3: grunt_profane_halls [grunt_profane_temple_geh,
          grunt_profane_temple_dis, grunt_profane_temple_tar,
          grunt_profane_temple_coc, grunt_profane_loot], pan_entry, hell_entry,
          abyss_entry
Depths:4: minmay_the_grid_octo_tiled_octocenter [minmay_the_grid_octo_clover_2,
          minmay_the_grid_octo_horde, minmay_the_grid_octo_checkerflower,
          minmay_the_grid_octo_checkered,
          minmay_the_grid_octo_prize_ultimate_mussel_roller,
          minmay_the_grid_square_5x5_plus, minmay_the_grid_square_5x5_shrine1,
          minmay_the_grid_square_5x5_two_small,
          minmay_the_grid_square_5x5_one_wall], layout_cave_pools, hell_entry,
          abyss_entry_crystal, serial_shops, shop
Depths:5: grunt_zot_entry_tricorne, layout_cave_pools, serial_column_ruins,
          column_ruins_portal_island, column_ruins_temple_hall,
          column_ruins_columns_T, column_ruins_columns_straight,
          column_ruins_open_medium, column_ruins_grid_4,
          column_ruins_columns_water, pf_hell_entry_tar_river,
          chequers_serial_rivers_large_a
Hell
Dis:1:    layout_chaotic_city
Dis:2:    layout_overlapping_boxes
Dis:3:    layout_jigsaw
Dis:4:    layout_jigsaw, evilmike_ambush [evilmike_ambush_outer_basic,
          evilmike_ambush_inner_pond]
Dis:5:    layout_gridville
Dis:6:    layout_subdivisions
Dis:7:    dis_hangedman
Geh:1:    layout_gehenna_lava_caves, gehenna_fire_generator
Geh:2:    layout_gehenna_lava_caves, nicolae_geh_single_fiery_grave
Coc:1:    layout_ice_bergs
Coc:2:    layout_ice_bergs
Coc:3:    layout_ice_bergs
Coc:4:    layout_ice_bergs
Coc:5:    layout_ice_bergs
Coc:6:    layout_cocytus_water_paths
Coc:7:    coc_grunt_cove [coc_grunt_cove_antaeus, coc_grunt_cove_fiend,
          coc_grunt_cove_fiend, coc_grunt_cove_fiend, coc_grunt_cove_fiend]
Zot:1:    layout_cathedral_of_symmetry, gammafunk_ghost_crypt
Zot:2:    layout_gridlike, gammafunk_ghost_grave
Zot:3:    layout_onion
Zot:4:    layout_misc_corridors
Zot:5:    layout_gridville

Skill      XL: |  1  2  3  4  5  6  7  8  9 10 11 12 13 14 15 16 17 18 19 20 21 22 23 24 25 26 27 |
---------------+----------------------------------------------------------------------------------+-----
Conjurations   | 2 3 4 5 7 9 10 11 13 15 16 18 19 21 22 24 25 26 | 26.0
Spellcasting   | 4 5 6 7 9 11 12 13 15 16 17 18 20 22 24 | 24.7
Fire Magic     | 4 5 6 8 9 11 13 15 16 18 19 21 22 24 25 26 | 26.0
Summonings     | 2 4 5 |  5.0
Earth Magic    | 4 5 7 10 11 12 13 15 18 | 18.0
Fighting       | 3 5 7 10 11 12 15 | 15.0
Dodging        | 4 8 12 15 16 18 20 | 20.0
Air Magic      | 3 7 20 | 20.0
Shields        | 2 5 |  5.7
Translocations | 4 16 | 16.0
Charms         | 7 |  7.0
Evocations     | 11 16 | 16.8
Stealth        | 14 | 14.0
Necromancy     | 17 | 17.0
Transmutations | 16 | 16.0

Action                   |  1- 3 |  4- 6 |  7- 9 | 10-12 | 13-15 | 16-18 | 19-21 | 22-24 | 25-27 || total
-------------------------+-------+-------+-------+-------+-------+-------+-------+-------+-------++-------
Melee: Staff             |       |     1 |       |     1 |     3 |     1 |     1 |       |     2 ||     9
       Long sword        |       |       |    40 |     7 |       |       |       |       |       ||    47
       Headbutt          |       |       |       |       |       |       |       |       |     2 ||     2
Throw: Stone             |       |     9 |     3 |     1 |     2 |     4 |       |     3 |    15 ||    37
 Cast: Flame Tongue      |    64 |   149 |   225 |   390 |   453 |    75 |    15 |     7 |    19 ||  1397
       Throw Flame       |     1 |     6 |    29 |    56 |    74 |    26 |    15 |       |       ||   207
       Sticky Flame      |       |     3 |    18 |    52 |    54 |    11 |     2 |     1 |     3 ||   144
       Conjure Flame     |       |       |     4 |     6 |     7 |       |       |       |       ||    17
       Fireball          |       |       |     3 |    32 |    69 |    73 |    48 |     4 |    19 ||   248
       Summon Lightning  |       |       |       |    27 |    59 |    10 |     5 |     1 |     2 ||   104
       Mephitic Cloud    |       |       |       |     2 |       |       |       |       |       ||     2
       Bolt of Magma     |       |       |       |    29 |    62 |   194 |   122 |    60 |   898 ||  1365
       Bolt of Fire      |       |       |       |       |   167 |   295 |   146 |   139 |   499 ||  1246
       Iron Shot         |       |       |       |       |       |    36 |    51 |    63 |   897 ||  1047
       Fire Storm        |       |       |       |       |       |     2 |    42 |    93 |   193 ||   330
       Ignition          |       |       |       |       |       |       |     5 |    18 |   100 ||   123
       Deflect Missiles  |       |       |       |       |       |       |       |     1 |     5 ||     6
       Ozocubu's Armour  |       |       |       |       |       |       |       |     1 |       ||     1
       Blink             |       |       |       |       |       |       |       |       |    30 ||    30
       Tornado           |       |       |       |       |       |       |       |       |    21 ||    21
       Regeneration      |       |       |       |       |       |       |       |       |     6 ||     6
       Aura of Abjuratio |       |       |       |       |       |       |       |       |     4 ||     4
       Borgnjor's Vile C |       |       |       |       |       |       |       |       |     2 ||     2
       Statue Form       |       |       |       |       |       |       |       |       |     1 ||     1
 Abil: Evoke Flight      |       |       |       |       |       |       |       |     1 |     4 ||     5
Evoke: Wand              |       |       |       |     3 |       |     1 |       |       |       ||     4
       Crystal ball of e |       |       |       |       |       |       |       |       |    59 ||    59
  Use: Scroll            |     7 |     3 |     4 |    11 |    13 |     8 |     4 |     9 |    30 ||    89
       Potion            |       |     6 |     2 |     4 |     4 |     2 |       |     4 |    16 ||    38
  Eat: Chunk             |     1 |     6 |     4 |    25 |    46 |    22 |    37 |    29 |    40 ||   210
       Ration            |       |       |     2 |     1 |     1 |    12 |     4 |     7 |    31 ||    58
Armor: Robe              |     4 |    12 |    21 |    63 |    25 |     8 |     2 |     5 |    66 ||   206
       Skin              |       |    25 |       |       |       |       |       |       |    17 ||    42
Dodge: Dodged            |    10 |    73 |    71 |   121 |   151 |    63 |    37 |    43 |   570 ||  1139
       Deflected         |       |       |     4 |    17 |    15 |    30 |     5 |    15 |    52 ||   138
Block: Buckler           |       |       |       |    26 |    64 |    24 |    22 |    17 |   216 ||   369
       Reflection        |       |       |       |       |       |       |       |       |    16 ||    16
       Rpst.: Long sword |       |       |     6 |     3 |       |       |       |       |     5 ||    14

Table legend:
 A = Non-vault XP
 B = Vault XP
 C = Vault XP percentage of total XP
 D = Non-vault monster count
 E = Vault monster count
 F = Vault count percentage of total count
                 A         B        C        D         E       F
            +---------+---------+-------+---------+---------+-------
      Total | 1722941 | 1210770 |  41.3 |    2892 |    1302 |  31.0
            +---------+---------+-------+---------+---------+-------
        D:1 |      52 |       0 |   0.0 |      23 |       0 |   0.0
        D:2 |     140 |       2 |   1.4 |      28 |       1 |   3.4
        D:3 |     171 |       0 |   0.0 |      37 |       0 |   0.0
        D:4 |     217 |     208 |  48.9 |       8 |       1 |  11.1
        D:5 |     178 |      49 |  21.6 |      11 |       3 |  21.4
        D:6 |    1002 |     391 |  28.1 |      23 |       2 |   8.0
        D:7 |     936 |    2278 |  70.9 |      17 |      28 |  62.2
        D:8 |    1844 |       0 |   0.0 |      32 |       0 |   0.0
        D:9 |    1599 |    1397 |  46.6 |      24 |      13 |  35.1
       D:10 |    1888 |    2962 |  61.1 |      18 |      11 |  37.9
       D:11 |    6719 |       0 |   0.0 |      38 |       0 |   0.0
       D:12 |    2970 |    2873 |  49.2 |      26 |      11 |  29.7
       D:13 |   13597 |    2682 |  16.5 |      42 |       5 |  10.6
       D:14 |   10319 |    7083 |  40.7 |      47 |       8 |  14.5
       D:15 |   14102 |    6229 |  30.6 |      38 |      14 |  26.9
     Lair:1 |    3365 |    5754 |  63.1 |      18 |      23 |  56.1
     Lair:2 |    2899 |     326 |  10.1 |      15 |       2 |  11.8
     Lair:3 |    3328 |    1485 |  30.9 |      16 |       6 |  27.3
     Lair:4 |    2840 |     870 |  23.5 |      11 |       4 |  26.7
     Lair:5 |    6068 |     659 |   9.8 |      21 |       5 |  19.2
     Lair:6 |   12549 |    8307 |  39.8 |      26 |      23 |  46.9
    Swamp:1 |   12055 |       0 |   0.0 |      28 |       0 |   0.0
    Swamp:2 |   23632 |       0 |   0.0 |      61 |       0 |   0.0
    Swamp:3 |   12450 |    1004 |   7.5 |      34 |       1 |   2.9
    Swamp:4 |   10831 |   19841 |  64.7 |      29 |      28 |  49.1
    Snake:1 |   14443 |       0 |   0.0 |      30 |       0 |   0.0
    Snake:2 |   11551 |    9703 |  45.7 |      23 |       6 |  20.7
    Snake:3 |   18508 |     340 |   1.8 |      40 |       4 |   9.1
    Snake:4 |   14504 |   24046 |  62.4 |      24 |      43 |  64.2
    Slime:1 |   23209 |       0 |   0.0 |      49 |       0 |   0.0
    Slime:2 |    5721 |       0 |   0.0 |      22 |       0 |   0.0
    Slime:3 |   14053 |       0 |   0.0 |      28 |       0 |   0.0
    Slime:4 |   29276 |   14191 |  32.6 |      50 |       1 |   2.0
    Slime:5 |    3548 |   28331 |  88.9 |       3 |      11 |  78.6
      Orc:1 |    5318 |     252 |   4.5 |      46 |       9 |  16.4
      Orc:2 |    4469 |   15232 |  77.3 |      42 |      53 |  55.8
      Elf:1 |   31657 |   16144 |  33.8 |      50 |      25 |  33.3
      Elf:2 |   29211 |   23149 |  44.2 |      49 |      33 |  40.2
      Elf:3 |   11992 |   46941 |  79.7 |      21 |      32 |  60.4
   Vaults:1 |   32850 |   32274 |  49.6 |      55 |      46 |  45.5
   Vaults:2 |   43094 |   25618 |  37.3 |      77 |      37 |  32.5
   Vaults:3 |   24366 |   39472 |  61.8 |      37 |      47 |  56.0
   Vaults:4 |   20135 |   50880 |  71.6 |      28 |      43 |  60.6
   Vaults:5 |   67183 |  102668 |  60.4 |      93 |      77 |  45.3
    Crypt:1 |   24871 |       0 |   0.0 |      36 |       0 |   0.0
    Crypt:2 |   46343 |       0 |   0.0 |      58 |       0 |   0.0
    Crypt:3 |       0 |   71546 | 100.0 |       0 |     104 | 100.0
   Depths:1 |   52744 |   34190 |  39.3 |      60 |      54 |  47.4
   Depths:2 |   38795 |   24888 |  39.1 |      43 |      12 |  21.8
   Depths:3 |    1850 |  107949 |  98.3 |       5 |     122 |  96.1
   Depths:4 |   70307 |   45374 |  39.2 |      76 |      34 |  30.9
   Depths:5 |   42866 |   25613 |  37.4 |      30 |      20 |  40.0
       Hell |   28145 |   31302 |  52.7 |      36 |      56 |  60.9
      Dis:1 |     825 |       0 |   0.0 |       5 |       0 |   0.0
      Dis:2 |   18005 |       0 |   0.0 |      28 |       0 |   0.0
      Dis:3 |   16439 |       0 |   0.0 |      22 |       0 |   0.0
      Dis:4 |    3614 |    3188 |  46.9 |       5 |      13 |  72.2
      Dis:5 |   15619 |       0 |   0.0 |      41 |       0 |   0.0
      Dis:6 |    4291 |       0 |   0.0 |       9 |       0 |   0.0
      Dis:7 |   19981 |   46768 |  70.1 |      21 |      59 |  73.8
      Geh:1 |   33039 |       0 |   0.0 |      56 |       0 |   0.0
      Geh:2 |    4806 |       0 |   0.0 |       9 |       0 |   0.0
      Coc:1 |    4223 |       0 |   0.0 |      13 |       0 |   0.0
      Coc:2 |    7694 |       0 |   0.0 |      18 |       0 |   0.0
      Coc:3 |     271 |       0 |   0.0 |       3 |       0 |   0.0
      Coc:4 |   14322 |       0 |   0.0 |      29 |       0 |   0.0
      Coc:5 |    1842 |       0 |   0.0 |       4 |       0 |   0.0
      Coc:7 |   66752 |   67214 |  50.2 |      53 |      50 |  48.5
      Zot:1 |   20639 |   42624 |  67.4 |      13 |       5 |  27.8
      Zot:2 |   31255 |       0 |   0.0 |      20 |       0 |   0.0
      Zot:3 |   66378 |       0 |   0.0 |      46 |       0 |   0.0
      Zot:4 |   71277 |       0 |   0.0 |      40 |       0 |   0.0
      Zot:5 |   48154 |  184652 |  79.3 |      25 |      42 |  62.7
    Abyss:1 |  129403 |   15105 |  10.5 |     110 |      13 |  10.6
    Abyss:2 |  111881 |     214 |   0.2 |     225 |       1 |   0.4
    Abyss:3 |  175471 |   11940 |   6.4 |     315 |      34 |   9.7
    Ossuary |       0 |     653 | 100.0 |       0 |      12 | 100.0
   Gauntlet |       0 |    3909 | 100.0 |       0 |      15 | 100.0
            +---------+---------+-------+---------+---------+-------
